 Dungeon Crawl Stone Soup version 0.26-a0-652-gafc20e3620 (webtiles) character file.

Game seed: 8490095635212535894

42 Decritt the Chopper (level 3, 0/34 HPs)
             Began as a Hill Orc Berserker on Oct 3, 2020.
             Was a Believer of Trog.
             Succumbed to an adder's poison
             ... on level 2 of the Dungeon.
             The game lasted 00:04:12 (1295 turns).

Decritt the Chopper (Hill Orc Berserker)            Turns: 1295, Time: 00:04:13

Health: 0/34       AC:  3    Str: 18 (20) XL:     3   Next: 54%
Magic:  3/3        EV: 12    Int:  6 (7)  God:    Trog [**....]
Gold:   56         SH:  0    Dex:  8 (10) Spells: 2/2 levels left

rFire    . . .     SeeInvis .   a - +0 hand axe
rCold    . . .     Faith    .   (no shield)
rNeg     . . .     Spirit   .   b - +0 animal skin
rPois    .         Reflect  .   g - +0 helmet
rElec    .         Harm     .   (no cloak)
rCorr    .         Rampage  .   (no gloves)
MR       .....                  (no boots)
Stlth    +.........             (no amulet)
HPRegen  0.11/turn              (no ring)
MPRegen  0.08/turn              (no ring)

@: mighty, lethally poisoned (0 -> -9), hasted, very quick
A: no striking features
a: Berserk, Trog's Hand, Renounce Religion


You were on level 2 of the Dungeon.
You worshipped Trog.
Trog was pleased with you.
You visited 1 branch of the dungeon, and saw 2 of its levels.

You collected 56 gold pieces.

Inventory:

Hand Weapons
 a - a +0 hand axe (weapon)
Missiles
 i - 16 poisoned darts (quivered)
Armour
 b - a +0 animal skin (worn)
 g - a +0 helmet (worn)
Scrolls
 e - a scroll of teleportation {unknown}


   Skills:
 + Level 4.3 Fighting
 + Level 4.7 Axes
 + Level 2.9 Armour
 - Level 1.5 Dodging


You had 2 spell levels left.
You didn't know any spells.
Your spell library was empty.

Dungeon Overview and Level Annotations

Branches:
Dungeon (2/15)

Altars:


Message History

You hit the adder.
The adder is almost dead.
You miss the bat. The bat hits you.
* * * LOW HITPOINT WARNING * * *
The adder bites you.
* * * LOW HITPOINT WARNING * * *
You are more poisoned.
The adder poisons you!
You slash the adder!
You kill the adder!
Trog accepts your kill.
You can now call upon Trog for regeneration and magic resistance.
You slash the bat!
You kill the bat!
Trog accepts your kill.
There is a lethal amount of poison in your body!
As you read the scroll labeled CUXZIT NUAQ GOVVA, it crumbles to dust.
It is a scroll of amnesia.
You feel forgetful for a moment.
You die...

#.# #.# #.# #.# ##+##
#####.##### ##...##
#.........## #.....##
#.###......# ###
.......###.##..###..# #..
........##.#...###..##.###...
........'....................
........##......@...#.##.....
.......######...###.#.# #.#
#.....## ##..# #.##. ##...##
#......# #. ##'## ##.##### #.
#.# #.# .# ###.# #. #
....###### #$ .#.........


There were no monsters in sight!

Vanquished Creatures
  An adder (D:2)
  A dart slug (D:1)
  A leopard gecko (D:1)
  A giant cockroach (D:1)
  A goblin (D:1)
  2 hobgoblins (D:1)
  8 jackals
  A ball python (D:1)
  3 bats
  3 frilled lizards
  2 kobolds
  4 rats (D:1)
28 creatures vanquished.

Notes
Turn   | Place    | Note
-------+----------+-------------------------------------------
     0 | D:1      | Decritt the Hill Orc Berserker began the quest for the Orb.
     0 | D:1      | Reached XP level 1. HP: 19/19 MP: 1/1
   178 | D:1      | Reached XP level 2. HP: 18/27 MP: 2/2
  1098 | D:2      | Reached XP level 3. HP: 26/33 MP: 3/3
  1293 | D:2      | HP: 1/33 [adder (2)]
  1294 | D:2      | Reached ** piety under Trog
  1295 | D:2      | Succumbed to an adder's poison

Illustrated notes

Levels and vault maps discovered:
D:1:      onia_arrival_handbag, layout_loops_ring, serial_glass,
          glass_columns_a, glass_columns_a, glass_columns_a, glass_columns_a,
          item_on_display_a, item_on_display_a, feat_on_display,
          feat_on_display, minmay_misc_feat_roman, roderic_lattice_a
D:2:      layout_loops_corners, minivault_23, minmay_misc_feat_square

Skill      XL: |  1  2 |
---------------+-------+-----
Fighting       | 4 |  4.3
Axes           | |  4.7
Armour         | |  2.9
Dodging        | |  1.5

Action                   || total
-------------------------++-------
Melee: Hand axe          ||    98
  Use: Potion            ||     3
       Scroll            ||     1
 Stab: Sleeping          ||     1
Armor: Animal skin       ||    30
Dodge: Dodged            ||    96

Table legend: (Time is in decaauts)
 A = Elapsed time spent in this place.
 B = Non-inter-level travel time spent in this place.
 C = Inter-level travel time spent in this place.
 D = Time resting spent in this place.
 E = Time spent auto-exploring this place.
 F = Levels seen in this place.
 G = Mean time per level.
                   A        B        C        D        E       F      G
               +--------+--------+--------+--------+--------+-----+--------+
         Total |   1301 |   1286 |     15 |      0 |   1083 |   2 |  650.5 |
       Dungeon |   1301 |   1286 |     15 |      0 |   1083 |   2 |  650.5 |
               +--------+--------+--------+--------+--------+-----+--------+

Top non-repeatable levels by time:
     D:1: 1041 daAuts
     D:2: 260 daAuts
